 Dungeon Crawl Stone Soup version 0.27.1-1-g398f81649c (webtiles) character file.

Game seed: 11722630568842303370

2725 MisterFreud the Blocker (level 9, -11/74 HPs)
             Began as a Gnoll Fighter on Sept 10, 2021.
             Was an Elder of Zin.
             Mangled by a komodo dragon (28 damage)
             ... on level 6 of the Dungeon.
             The game lasted 00:11:07 (8513 turns).

MisterFreud the Blocker (Gnoll Fighter)             Turns: 8513, Time: 00:11:08

Health: -11/74     AC: 10    Str: 16    XL:     9   Next: 67%
Magic:  15/15      EV:  9    Int: 11    God:    Zin [****..]
Gold:   316        SH: 12    Dex: 11    Spells: 16/16 levels left

rFire    + . .     SeeInvis .   a - +0 rapier
rCold    . . .     Faith    .   o - +2 kite shield
rNeg     . . .     Spirit   .   b - +0 scale mail
rPois    .         Reflect  .   (no helmet)
rElec    .         Harm     .   (no cloak)
rCorr    .         Rampage  .   i - +1 pair of gloves
Will     .....                  (no boots)
Stlth    +.........             (no amulet)
HPRegen  0.22/turn              s - ring of protection from fire
MPRegen  0.14/turn              (no ring)

@: no status effects
A: fangs 1, strong nose, distributed training
a: Renounce Religion, Recite, Vitalisation, Imprison, Donate Gold


You were on level 6 of the Dungeon.
You worshipped Zin.
Zin was greatly pleased with you.
You visited 1 branch of the dungeon, and saw 7 of its levels.
You also visited: Ossuary.

You collected 351 gold pieces.
You donated 35 gold pieces to Zin.

Inventory:

Hand Weapons
 a - a +0 rapier (weapon)
Missiles
 p - 11 atropa-tipped darts
 v - 12 poisoned darts (quivered)
Armour
 b - a +0 scale mail (worn)
 i - a +1 pair of gloves (worn)
 o - a +2 kite shield (worn)
 r - a +2 robe of willpower
Jewellery
 k - a ring of fire
 s - a ring of protection from fire (left hand)
Wands
 u - a wand of digging (6)
 E - a wand of acid (6)
Scrolls
 f - 12 scrolls of identify {unknown}
 g - 2 scrolls of noise {unknown}
 h - 2 scrolls of magic mapping {unknown}
 l - 3 scrolls of teleportation {unknown}
 m - 2 scrolls of fog {unknown}
 q - a scroll of summoning {unknown}
 y - a scroll of acquirement {unknown}
 B - 2 scrolls of vulnerability {unknown}
 D - 2 scrolls of enchant armour {unknown}
 F - a scroll of amnesia {unknown}
 G - a scroll of holy word {unknown}
Potions
 c - 2 potions of curing
 d - 2 potions of might
 e - 3 potions of ambrosia {unknown}
 j - a potion of invisibility {unknown}
 n - 2 potions of resistance {unknown}
 t - 5 potions of attraction {unknown}
 w - a potion of heal wounds
 x - a potion of haste {unknown}
 z - 2 potions of lignification {unknown}
 A - a potion of cancellation {unknown}
 C - a potion of brilliance {unknown}


   Skills:
 + Level 8.0 Fighting
 + Level 6.5 Short Blades
 + Level 4.4 Long Blades
 + Level 4.4 Axes
 + Level 4.4 Maces & Flails
 + Level 4.4 Polearms
 + Level 4.4 Staves
 + Level 4.4 Slings
 + Level 4.4 Bows
 + Level 4.4 Crossbows
 + Level 4.4 Throwing
 + Level 8.0 Armour
 + Level 4.4 Dodging
 + Level 4.4 Stealth
 + Level 8.0 Shields
 + Level 4.4 Unarmed Combat
 + Level 4.4 Spellcasting
 + Level 3.7 Conjurations
 + Level 3.7 Hexes
 + Level 3.7 Summonings
 + Level 3.7 Necromancy
 + Level 3.7 Translocations
 + Level 3.7 Transmutations
 + Level 3.7 Fire Magic
 + Level 3.7 Ice Magic
 + Level 3.7 Air Magic
 + Level 3.7 Earth Magic
 + Level 3.7 Poison Magic
 + Level 4.9 Invocations
 + Level 4.4 Evocations


You had 16 spell levels left.
You didn't know any spells.
Your spell library contained the following spells:

 Spells                   Type           Power      Damage    Failure   Level
 Slow                     Hex            10%        N/A       50%         2
 Call Canine Familiar     Summ           10%        N/A       75%         3
 Confusing Touch          Hex            10%        N/A       75%         3
 Gell's Gravitas          Tloc           5%         N/A       75%         3
 Lesser Beckoning         Tloc           5%         N/A       75%         3
 Portal Projectile        Hex/Tloc       20%        N/A       75%         3
 Teleport Other           Tloc           10%        N/A       75%         3
 Vampiric Draining        Necr           5%         2d6       75%         3
 Leda's Liquefaction      Hex/Erth       5%         N/A       98%         4
 Fireball                 Conj/Fire      5%         3d5       100%        5
 Starburst                Conj/Fire      5%         6d4       100%        6
 Ignition                 Fire           5%         3d4       100%        8


Dungeon Overview and Level Annotations

Branches:
Dungeon (7/15)             Temple (0/1) D:5         Ossuary (visited)

Altars:
Xom
Zin

Annotations:
D:6 Edmund


Innate Abilities, Weirdness & Mutations

You have very sharp teeth.
Your uncanny sense of smell can sniff out nearby items.
Your experience applies equally to all skills.


Message History

You hit the komodo dragon.
The komodo dragon is moderately wounded.
The komodo dragon bites you!
You hit the komodo dragon but do no damage.
Your bite misses the komodo dragon.
The komodo dragon is moderately wounded.
The komodo dragon bites you!
You barely miss the komodo dragon.
The komodo dragon is moderately wounded.
You block the komodo dragon's attack.
You hit the komodo dragon but do no damage.
Your bite misses the komodo dragon.
The komodo dragon is moderately wounded.
The komodo dragon bites you.
You hit the komodo dragon.
The komodo dragon is moderately wounded.
You block the komodo dragon's attack.
You hit the komodo dragon.
The komodo dragon is heavily wounded.
You block the komodo dragon's attack.
You barely miss the komodo dragon.
The komodo dragon is heavily wounded.
The komodo dragon barely misses you.
You hit the komodo dragon.
The komodo dragon is heavily wounded.
You block the komodo dragon's attack.
You hit the komodo dragon.
The komodo dragon is heavily wounded.
You block the komodo dragon's attack.
You completely miss the komodo dragon.
The komodo dragon is heavily wounded.
You block the komodo dragon's attack.
You puncture the komodo dragon!
The komodo dragon is severely wounded.
The komodo dragon bites you!!
* * * LOW HITPOINT WARNING * * *
You barely miss the komodo dragon.
The komodo dragon is severely wounded.
The komodo dragon bites you!!
You die...

.#...##.###.####.#
.#...##.# #.# #.#
.....##.# #.# #.#
........###.# #.#
............# #.#
........##### #.#
.....##.# #.#
.#...##.# #.#
.#...##.# #@#
.######.########l#
.# #........<.# ##
############


You could see a komodo dragon.

Vanquished Creatures
  Pikel (D:5)
  A wraith (Ossuary)
  Sigmund (D:4)
  Menkaure (D:6)
  Duvessa (D:4)
  An orc warrior (D:6)
  3 water moccasins
  An ice beast (D:6)
  A sky beast (D:7)
  A black bear (D:6)
  A phantom (D:6)
  A lemure (D:5)
  Blork the orc (D:4)
  2 scorpions (D:6)
  Dowan (D:4)
  A wyvern skeleton (D:7)
  A water moccasin skeleton (D:2)
  A howler monkey (D:5)
  A jelly (D:7)
  A gnoll shaman (D:6)
  3 orc priests
  2 hounds
  A human zombie (Ossuary)
  3 centaur skeletons
  An iguana (D:7)
  3 mummies (Ossuary)
  4 gnolls (D:3)
  9 adders
  2 worms
  3 dart slugs
  20 orcs
  2 endoplasms
  2 giant cockroaches (D:1)
  6 hobgoblins
  7 kobolds
  A quokka (D:4)
  8 ball pythons
  8 bats
  7 frilled lizards
  13 goblins
  6 goblin zombies (Ossuary)
  5 hobgoblin zombies (Ossuary)
  A kobold zombie (Ossuary)
  8 rats
148 creatures vanquished.

Vanquished Creatures (others)
  6 plants (D:7)
6 creatures vanquished.

Grand Total: 154 creatures vanquished

Notes
Turn   | Place    | Note
-------+----------+-------------------------------------------
     0 | D:1      | MisterFreud the Gnoll Fighter began the quest for the Orb.
     0 | D:1      | Reached XP level 1. HP: 23/23 MP: 1/1
    69 | D:1      | Reached XP level 2. HP: 23/29 MP: 2/2
   273 | D:1      | Found a faded altar of an unknown god.
   287 | D:1      | Became a worshipper of Zin the Law-Giver
   287 | D:1      | Reached * piety under Zin
   399 | D:1      | Reached XP level 3. HP: 35/35 MP: 3/3
   423 | D:1      | You fall into a shaft and drop 1 floor!
   438 | D:2      | Reached skill level 1 in Invocations
   881 | D:2      | Reached skill level 1 in Long Blades
   881 | D:2      | Reached skill level 1 in Axes
   881 | D:2      | Reached skill level 1 in Maces & Flails
   881 | D:2      | Reached skill level 1 in Polearms
   881 | D:2      | Reached skill level 1 in Staves
   881 | D:2      | Reached skill level 1 in Slings
   881 | D:2      | Reached skill level 1 in Bows
   881 | D:2      | Reached skill level 1 in Crossbows
   881 | D:2      | Reached skill level 1 in Throwing
   881 | D:2      | Reached skill level 1 in Dodging
   881 | D:2      | Reached skill level 1 in Stealth
   881 | D:2      | Reached skill level 1 in Unarmed Combat
   881 | D:2      | Reached skill level 1 in Spellcasting
   881 | D:2      | Reached skill level 1 in Conjurations
   881 | D:2      | Reached skill level 1 in Hexes
   881 | D:2      | Reached skill level 1 in Summonings
   881 | D:2      | Reached skill level 1 in Necromancy
   881 | D:2      | Reached skill level 1 in Translocations
   881 | D:2      | Reached skill level 1 in Transmutations
   881 | D:2      | Reached skill level 1 in Fire Magic
   881 | D:2      | Reached skill level 1 in Ice Magic
   881 | D:2      | Reached skill level 1 in Air Magic
   881 | D:2      | Reached skill level 1 in Earth Magic
   881 | D:2      | Reached skill level 1 in Poison Magic
   881 | D:2      | Reached skill level 1 in Evocations
   881 | D:2      | Reached XP level 4. HP: 30/41 MP: 5/5
  1044 | D:2      | Reached ** piety under Zin
  1063 | D:2      | Reached XP level 5. HP: 28/47 MP: 6/6
  1212 | D:2      | Found a shimmering altar of Xom.
  2432 | D:3      | Reached XP level 6. HP: 53/53 MP: 8/8
  2636 | D:4      | Noticed Duvessa
  2639 | D:4      | Noticed Dowan
  2760 | D:4      | Reached *** piety under Zin
  2801 | D:4      | Noticed Blork the orc
  2817 | D:4      | Killed Blork the orc
  2818 | D:4      | Reached skill level 5 in Short Blades
  3025 | D:4      | Killed Duvessa
  3208 | D:4      | Killed Dowan
  3209 | D:4      | Reached XP level 7. HP: 40/59 MP: 10/10
  3505 | D:4      | Noticed Sigmund
  3519 | D:4      | Killed Sigmund
  3730 | D:4      | You fall into a shaft and drop 2 floors!
  4019 | D:6      | Noticed Menkaure
  4028 | D:6      | HP: 3/60 [Menkaure (11)]
  4030 | D:6      | Killed Menkaure
  4031 | D:6      | Reached XP level 8. HP: 15/67 MP: 12/12
  4295 | D:6      | Noticed Edmund
  4366 | D:7      | Found a sand-covered staircase.
  4373 | Ossuary  | Entered an ossuary
  4373 | Ossuary  | Noticed a wraith
  4373 | Ossuary  | Noticed a wraith
  4373 | Ossuary  | Noticed a wraith
  5098 | Ossuary  | Noticed a wraith
  5123 | Ossuary  | Killed a wraith
  5697 | D:5      | Entered Level 5 of the Dungeon
  5702 | D:5      | Found a staircase to the Ecumenical Temple.
  5967 | D:5      | Reached **** piety under Zin
  6202 | D:5      | Noticed Pikel
  6222 | D:5      | HP: 3/67 [Pikel (9)]
  6228 | D:5      | HP: 1/67 [Pikel (8)]
  6231 | D:5      | Killed Pikel
  6232 | D:5      | Reached XP level 9. HP: 27/73 MP: 14/14
  8458 | D:7      | Noticed a komodo dragon
  8513 | D:6      | Mangled by a komodo dragon

Illustrated notes

Levels and vault maps discovered:
D:1:      scummos_arrival_hexagon, layout_basic,
          hellmonk_ecumenical_altar_blasted
D:2:      layout_basic, basic_altar
D:3:      layout_basic, nrook_loot_triangle, hex_tiny
D:4:      layout_loops_ring, serial_park_tiny_2, kennysheep_decorative_pillar,
          uniq_sigmund, uniq_blork_the_orc, uniq_duvessa
D:5:      layout_loops_cross, temple_pool_b, uniq_pikel
D:6:      minmay_bubble_buster, layout_loops_ring, uniq_edmund, uniq_menkaure
D:7:      layout_rooms, nicolae_ossuary_entry_plus, minmay_lizard_king

Skill      XL: |  1  2  3  4  5  6  7  8  9 |
---------------+----------------------------+-----
Invocations    | 1 2 3 4 |  4.9
Long Blades    | 1 2 3 4 |  4.4
Axes           | 1 2 3 4 |  4.4
Maces & Flails | 1 2 3 4 |  4.4
Polearms       | 1 2 3 4 |  4.4
Staves         | 1 2 3 4 |  4.4
Slings         | 1 2 3 4 |  4.4
Bows           | 1 2 3 4 |  4.4
Crossbows      | 1 2 3 4 |  4.4
Throwing       | 1 2 3 4 |  4.4
Dodging        | 1 2 3 4 |  4.4
Stealth        | 1 2 3 4 |  4.4
Unarmed Combat | 1 2 3 4 |  4.4
Spellcasting   | 1 2 3 4 |  4.4
Conjurations   | 1 2 3 |  3.7
Hexes          | 1 2 3 |  3.7
Summonings     | 1 2 3 |  3.7
Necromancy     | 1 2 3 |  3.7
Translocations | 1 2 3 |  3.7
Transmutations | 1 2 3 |  3.7
Fire Magic     | 1 2 3 |  3.7
Ice Magic      | 1 2 3 |  3.7
Air Magic      | 1 2 3 |  3.7
Earth Magic    | 1 2 3 |  3.7
Poison Magic   | 1 2 3 |  3.7
Evocations     | 1 2 3 4 |  4.4
Short Blades   | 5 6 |  6.5
Fighting       | 7 8 |  8.0
Armour         | 7 8 |  8.0
Shields        | 7 8 |  8.0

Action                   |  1- 3 |  4- 6 |  7- 9 || total
-------------------------+-------+-------+-------++-------
Melee: Rapier            |    87 |   216 |   439 ||   742
       Bite              |     9 |    21 |    38 ||    68
Throw: Dart              |       |       |     8 ||     8
Invok: Recite            |     1 |     8 |    14 ||    23
  Use: Potion            |       |       |     5 ||     5
 Stab: Confused          |       |     2 |     3 ||     5
Armor: Scale mail        |    29 |    85 |   117 ||   231
Dodge: Dodged            |    26 |    56 |   112 ||   194
Block: Kite shield       |    46 |   113 |   243 ||   402
